 Dungeon Crawl Stone Soup version 0.24-a0-789-g35933f4585 (webtiles) character file.

Game seed: 17781015473222810216, levelgen mode: deterministic

317 Kohma the Caller (level 6, -1/41 HPs)
             Began as a Merfolk Summoner on Oct 10, 2019.
             Slain by an orc
             ... wielding a +0 short sword
              (7 damage)
             ... on level 4 of the Dungeon.
             The game lasted 00:15:16 (4329 turns).

Kohma the Caller (Merfolk Summoner)                 Turns: 4329, Time: 00:15:17

Health: -1/41      AC:  4    Str: 12    XL:     6   Next: 44%
Magic:  9/11       EV: 13    Int: 20    God:
Gold:   167        SH:  0    Dex: 14    Spells: 2/12 levels left

rFire    . . .     SeeInvis +   k - +0 spear
rCold    + . .     Gourm    .   (no shield)
rNeg     . . .     Faith    .   y - +1 robe of the Original Sin {Str+4}
rPois    .         Spirit   .   n - +0 helmet {SInv}
rElec    .         Reflect  .   r - scarf {repulsion}
rCorr    .         Harm     .   (no gloves)
MR       .....                  (no boots)
Stlth    ++........             C - amulet of magic regeneration
HPRegen  0.13/turn              u - +3 ring of intelligence
MPRegen  0.37/turn              x - ring of protection from cold

@: very slightly contaminated, repel missiles
A: change form in water, swift swim, stealthy swim
a: no special abilities


You were on level 4 of the Dungeon.
You were very hungry.

You visited 1 branch of the dungeon, and saw 4 of its levels.

You collected 167 gold pieces.

Inventory:

Hand Weapons
 k - a +0 spear (weapon)
 p - a +2 long sword of electrocution
Missiles
 e - 149 stones
 g - 44 poisoned darts (quivered)
 q - 3 javelins
Armour
 n - a +0 helmet of see invisible (worn)
 o - a +0 leather armour
 r - a scarf of repulsion (worn)
 w - a +0 ring mail
 y - the +1 robe of the Original Sin (worn) {Str+4}
   (You found it on level 4 of the Dungeon)

   It affects your strength (+4).
 B - a +0 shield
Jewellery
 u - a +3 ring of intelligence (left hand)
 x - a ring of protection from cold (right hand)
 C - an amulet of magic regeneration (around neck)
Scrolls
 a - 5 scrolls of identify
 b - 2 scrolls of teleportation {unknown}
 i - a scroll of immolation {unknown}
 l - 4 scrolls of remove curse {unknown}
 s - 4 scrolls of enchant armour {unknown}
 t - a scroll of random uselessness {unknown}
Potions
 d - a potion of mutation {unknown}
 f - a potion of degeneration {unknown}
 h - a potion of invisibility {unknown}
 j - a potion of heal wounds {unknown}
 m - a potion of haste {unknown}
 v - 2 potions of might {unknown}
 z - a potion of magic {unknown}
 A - a potion of agility {unknown}
Comestibles
 c - 3 rations


   Skills:
 - Level 2.6 Dodging
 - Level 2.1 Stealth
 + Level 0.0 Shields
 + Level 3.7 Spellcasting
 * Level 6.6 Summonings
 * Level 0.0 Air Magic


You had 2 spell levels left.
You knew the following spells:

 Your Spells              Type           Power        Failure   Level  Hunger
a - Summon Small Mammal   Summ           ####         1%          1    None
b - Call Imp              Summ           ####....     1%          2    ##.....
c - Call Canine Familiar  Summ           ####....     2%          3    ###....
d - Summon Lightning Spi  Summ/Air       ###.....     32%         4    ####...

Your spell library contained the following spells:

 Spells                   Type           Power        Failure   Level  Hunger
 Magic Dart               Conj           #...         13%         1    None
 Searing Ray              Conj           #.....       21%         2    ##.....
 Summon Guardian Golem    Hex/Summ       ###.....     10%         3    ###....
 Summon Ice Beast         Ice/Summ       ###.....     32%         4    ####...
 Dazzling Spray           Conj/Hex       #.....       36%         3    ###....
 Force Lance              Conj/Tloc      #.......     78%         4    ####...
 Fulminant Prism          Conj/Hex       #.........   78%         4    ####...
 Iskenderun's Mystic Bla  Conj           #.......     78%         4    ####...


Dungeon Overview and Level Annotations

Branches:
Dungeon (4/15)
 Temple: D:4-7

Altars:
The Shining One


Message History

Your crimson imp hits the orc priest but does no damage.
The orc priest misses you.
Casting: Call Imp (safe; 1% risk of failure)
Confirm with . or Enter, or press ? or * to list all spells.
A beastly little devil appears in a puff of frigid air.
The orc closely misses you.
Your crimson imp hits the orc priest but does no damage.
The orc priest calls down the wrath of Beogh upon you.
Pain shoots through your body!
You closely miss the orc priest.
The orc priest is heavily wounded.
The orc hits you with a +0 short sword!
* * * LOW HITPOINT WARNING * * *
Your crimson imp closely misses the orc priest.
The orc priest begins to cast a cantrip, but forgets the words!
Your white imp hits the orc priest but does no damage.
You hit the orc priest but do no damage.
The orc priest is heavily wounded.
The orc hits you with a +0 short sword!
You die...

#..#.##.......#.....#####.#.#
#..#.##.......####### #.#.#
##.#.##..##...# #.#.#
##.#.#........# ########.#.#
##.#......#...# #........#.#
...#......##.#####.#####..#.###
...#.........5o..#.# #..#...#
..5#.#)#####o###o#.# #..##.##
...5..[.....o.##@#.# #..##.##
.######.......##o#.#####......#
...............55#........#####
.###....#..##.############# .#
#.##.##....# .###.##.#######
..5ยง.##.. .#######.# ....# '#


You could see an orc priest, an orc, a friendly crimson imp and a friendly white
imp.

Vanquished Creatures
  A howler monkey (D:3)
  An orc wizard (D:4)
  2 adders
  A leopard gecko (D:3)
  3 orcs
  7 bats
  4 giant cockroaches
  4 goblins
  2 hobgoblins
  4 jackals
  2 kobolds (D:1)
  2 ball pythons (D:1)
  A frilled lizard (D:2)
  6 rats
40 creatures vanquished.

Vanquished Creatures (collateral kills)
  Grinder (D:3)
  A phantom (D:3)
  5 adders
  An adder skeleton (D:4)
  3 worms (D:2)
  2 dart slugs
  13 orcs
  A ball python (D:2)
  2 bats
  2 giant cockroaches (D:1)
  A goblin (D:2)
  A hobgoblin (D:3)
  7 jackals
  A quokka (D:3)
  5 frilled lizards
  7 kobolds
  9 rats
62 creatures vanquished.

Grand Total: 102 creatures vanquished

Notes
Turn   | Place    | Note
-------+----------+-------------------------------------------
     0 | D:1      | Kohma the Merfolk Summoner began the quest for the Orb.
     0 | D:1      | Reached XP level 1. HP: 13/13 MP: 3/3
   250 | D:1      | Reached XP level 2. HP: 16/19 MP: 0/5
   264 | D:1      | Learned a level 2 spell: Call Imp
   905 | D:1      | Reached XP level 3. HP: 22/24 MP: 1/6
  1658 | D:2      | Reached skill level 5 in Summonings
  1862 | D:3      | Reached XP level 4. HP: 25/30 MP: 2/8
  2448 | D:3      | Noticed Grinder
  2450 | D:3      | Noticed a phantom
  2451 | D:3      | Paralysed by Grinder for 4 turns
  2463 | D:3      | Paralysed by Grinder for 2 turns
  2471 | D:3      | Paralysed by Grinder for 2 turns
  2483 | D:3      | Killed Grinder
  2483 | D:3      | Reached XP level 5. HP: 8/35 MP: 1/9
  2512 | D:3      | Killed a phantom
  2512 | D:3      | Reached skill level 6 in Summonings
  2920 | D:3      | Reached XP level 6. HP: 37/41 MP: 5/11
  3184 | D:3      | Found a glowing golden altar of the Shining One.
  3381 | D:4      | Noticed an orc warrior
  3817 | D:4      | Got a colourful robe
  3836 | D:4      | Identified the +1 robe of the Original Sin {Str+4} (You
                  | found it on level 4 of the Dungeon)
  4082 | D:4      | Learned a level 3 spell: Call Canine Familiar
  4087 | D:4      | Learned a level 4 spell: Summon Lightning Spire
  4329 | D:4      | Slain by an orc

Levels and vault maps discovered:
D:1:      dpeg_arrival_boxes_within_box, layout_rooms, kennysheep_nondescript
D:2:      layout_rooms
D:3:      layout_basic, first_ration, tso_metal_star, uniq_grinder
D:4:      layout_basic, led_sif_pool

Skill      XL: |  1  2  3  4  5 |
---------------+----------------+-----
Summonings     | 5 6 |  6.6
Spellcasting   | 3 |  3.7
Dodging        | |  2.6
Stealth        | |  2.1

Action                   |  1- 3 |  4- 6 || total
-------------------------+-------+-------++-------
Melee: Whip              |    17 |       ||    17
       Dagger            |     1 |       ||     1
       Spear             |    45 |   104 ||   149
Throw: Dart              |    15 |       ||    15
       Stone             |     2 |       ||     2
 Cast: Summon Small Mamm |    18 |       ||    18
       Call Imp          |    19 |    40 ||    59
  Use: Scroll            |       |     1 ||     1
 Stab: Sleeping          |     3 |     2 ||     5
       Distracted        |       |     1 ||     1
  Eat: Chunk             |     5 |     8 ||    13
Armor: Robe              |    18 |       ||    18
       Leather armour    |     5 |    11 ||    16
Dodge: Dodged            |    59 |    79 ||   138

Table legend:
 A = Non-vault XP
 B = Vault XP
 C = Vault XP percentage of total XP
 D = Non-vault monster count
 E = Vault monster count
 F = Vault count percentage of total count
                 A         B        C        D         E       F
            +---------+---------+-------+---------+---------+-------
      Total |     319 |     134 |  29.6 |     101 |       1 |   1.0
            +---------+---------+-------+---------+---------+-------
        D:1 |      35 |       0 |   0.0 |      24 |       0 |   0.0
        D:2 |      43 |       0 |   0.0 |      30 |       0 |   0.0
        D:3 |     172 |     134 |  43.8 |      26 |       1 |   3.7
        D:4 |      69 |       0 |   0.0 |      21 |       0 |   0.0
            +---------+---------+-------+---------+---------+-------
